 Dungeon Crawl Stone Soup version 0.18.1-48-g4cf74bf (webtiles) character file.

180 juanjsm the Sneak (level 5, -2/26 HPs)
             Began as a Spriggan Enchanter on Sept 1, 2016.
             Slain by a worm (9 damage)
             ... on level 3 of the Dungeon on Sept 6, 2016.
             The game lasted 00:13:32 (3361 turns).

juanjsm the Sneak (Spriggan Enchanter)              Turns: 3361, Time: 00:13:33

Health: -2/26      AC:  4    Str:  4    XL:     5   Next: 33%
Magic:  1/11       EV: 19    Int: 17    God:
Gold:   85         SH:  0    Dex: 17    Spells: 4 memorised, 2 levels left

rFire  + . .     SeeInvis +     a - +1 dagger
rCold  x . .     Gourm    .     b - +1 robe
rNeg   + . .     Faith    .     (shield restricted)
rPois  +         Spirit   .     (helmet restricted)
rElec  .         Dismiss  .     f - +0 cloak {rPois}
rCorr  .         Reflect  .     (gloves unavailable)
SustAt .         Harm     .     (boots unavailable)
MR     .....                    (no amulet)
Stlth  +++.......               s - ring of positive energy
                                o - ring of fire

@: very quick, not resistant to hostile enchantments, fairly stealthy
A: unfitting armour, see invisible, herbivore 3, speed 3, slow metabolism 2
a: no special abilities


You were on level 3 of the Dungeon.
You were hungry.

You visited 1 branch of the dungeon, and saw 4 of its levels.

You collected 85 gold pieces.

Inventory:

Hand Weapons
 a - a +1 dagger (weapon)
Missiles
 e - a throwing net (quivered)
Armour
 b - a +1 robe (worn)
 f - a +0 cloak of poison resistance (worn)
Jewellery
 o - a ring of fire (left hand)
 s - a ring of positive energy (right hand)
Scrolls
 i - 2 scrolls of noise {unknown}
 k - a scroll of amnesia {unknown}
 m - a scroll of random uselessness {unknown}
 q - a scroll of immolation {unknown}
 r - a scroll of blinking {unknown}
Potions
 g - a potion of curing {unknown}
 h - a potion of mutation {unknown}
 j - a potion of lignification {unknown}
 l - a potion of heal wounds {unknown}
 n - a potion of ambrosia {unknown}
 p - a potion of cure mutation {unknown}
Books
 c - a book of Maledictions

   Spells                             Type                      Level
   a - Corona                         Hexes                        1
   b - Ensorcelled Hibernation        Hexes/Ice                    2
   c - Confuse                        Hexes                        3
   d - Tukima's Dance                 Hexes                        3
   e - Dazzling Spray                 Conjuration/Hexes            3
Comestibles
 d - 2 bread rations


   Skills:
 + Level 1.7 Fighting
 + Level 1.9 Short Blades
 + Level 4.0 Dodging
 + Level 5.4 Stealth
 + Level 3.9 Spellcasting
 + Level 4.7 Hexes


You had 2 spell levels left.
You knew the following spells:

 Your Spells              Type           Power        Failure   Level  Hunger
a - Corona                Hex            ###....      2%          1    None
b - Ensorcelled Hibernat  Hex/Ice        #.....       12%         2    ##.....
c - Confuse               Hex            ###.....     10%         3    ###....
d - Dazzling Spray        Conj/Hex       ##....       21%         3    ###....


Dungeon Overview and Level Annotations

Branches:
Dungeon (4/15)
 Temple: D:4-7

Altars:
Gozag
Sif Muna
Vehumet

Shops:
D:2 *

Annotations:
D:3 Sigmund


Innate Abilities, Weirdness & Mutations

You are tiny and cannot use many weapons and most armour.
You have supernaturally acute eyesight.
You are a herbivore.
You cover ground extremely quickly.
You need consume almost no food.


Message History

Press: ? - help, Shift-Dir - straight line, f/p - worm
Aim: a worm (chance to defeat MR: 46%)
You feel a numb sensation.
The worm resists with some effort.
You are too injured to fight recklessly!
Casting: Ensorcelled Hibernation
Confirm with . or Enter, or press ? or * to list all spells.
Aiming: Ensorcelled Hibernation
Press: ? - help, Shift-Dir - straight line, f/p - worm
Aim: a worm (chance to defeat MR: 46%)
You feel a numb sensation.
The worm resists with some effort.
The worm barely misses you.
You are too injured to fight recklessly!
Casting: Ensorcelled Hibernation
Confirm with . or Enter, or press ? or * to list all spells.
Aiming: Ensorcelled Hibernation
Press: ? - help, Shift-Dir - straight line, f/p - worm
Aim: a worm (chance to defeat MR: 46%)
You feel a numb sensation.
The worm resists with some effort.
The worm bites you!
You die...

####### ######
.....#####.....
#...........##
#....(........
#.........#.#
#.........#.#
.#####.........#.#
............[...>#####.#
.......@.##.##..........
......w...#.............
.#..####.##..#.#.#####.#
#. #.##..#.#.# ..
......#.#.# .
........[.# ..##. #.###
..


You could see a worm.

Vanquished Creatures
  An iguana (D:4)
  Robin (D:4)
  2 adders
  4 gnolls (D:3)
  3 worms (D:2)
  2 dart slugs
  2 giant geckos
  4 orcs (D:3)
  5 giant cockroaches
  11 goblins
  8 hobgoblins
  4 jackals (D:1)
  2 kobolds
  8 bats
  5 giant newts
  4 rats
66 creatures vanquished.

Notes
Turn   | Place    | Note
--------------------------------------------------------------
     0 | D:1      | juanjsm the Spriggan Enchanter began the quest for the Orb.
     0 | D:1      | Reached XP level 1. HP: 9/9 MP: 5/5
   486 | D:1      | Reached XP level 2. HP: 2/14 MP: 6/6
   490 | D:1      | Learned a level 2 spell: Ensorcelled Hibernation
   818 | D:1      | Reached skill level 1 in Fighting
  1028 | D:1      | Reached XP level 3. HP: 15/18 MP: 5/8
  1033 | D:1      | Learned a level 3 spell: Confuse
  1273 | D:2      | Found Gozag's Platinum Reserve.
  1274 | D:2      | Found an opulent altar of Gozag.
  1910 | D:2      | Reached XP level 4. HP: 22/22 MP: 2/9
  1931 | D:2      | Learned a level 3 spell: Dazzling Spray
  2392 | D:3      | Reached skill level 5 in Stealth
  2708 | D:3      | Reached XP level 5. HP: 3/25 MP: 0/11
  2714 | D:3      | HP: 1/25 [bat (1)]
  3036 | D:3      | Noticed Sigmund
  3169 | D:4      | Noticed Robin
  3176 | D:4      | Killed Robin
  3178 | D:4      | Noticed a slave
  3180 | D:4      | Noticed a slave
  3185 | D:4      | Noticed a slave
  3302 | D:4      | Found a radiant altar of Vehumet.
  3302 | D:4      | Found a deep blue altar of Sif Muna.
  3361 | D:3      | Slain by a worm

Skill      XL: |  1  2  3  4  5 |
---------------+----------------+-----
Fighting       | 1 |  1.7
Spellcasting   | 3 |  3.9
Hexes          | 4 |  4.7
Stealth        | 5 |  5.4
Dodging        | 4 |  4.0
Short Blades   | |  1.9

Action                   |  1- 3 |  4- 6 || total
-------------------------+-------+-------++-------
Melee: Dagger            |   166 |    74 ||   240
 Cast: Corona            |     4 |       ||     4
       Ensorcelled Hiber |    30 |    25 ||    55
       Dazzling Spray    |       |     2 ||     2
       Confuse           |       |     3 ||     3
 Stab: Sleeping          |    30 |    16 ||    46
       Invisible         |       |     2 ||     2
       Distracted        |       |     1 ||     1
  Eat: Fruit             |       |     3 ||     3
Armor: Robe              |    38 |     4 ||    42
Dodge: Dodged            |   157 |    64 ||   221
